 Dungeon Crawl Stone Soup version 0.30-a0-389-g8d7d949f56 (webtiles) character file.

Game seed: 742818326342945092

4922 pokeman the Thaumaturge (level 10, -2/56 HPs)
             Began as a Deep Elf Hedge Wizard on Dec 4, 2022.
             Slain by a vampire mosquito (8 damage)
             ... on level 8 of the Dungeon.
             The game lasted 00:20:32 (8501 turns).

pokeman the Thaumaturge (Deep Elf Hedge Wizard)     Turns: 8501, Time: 00:20:33

Health: -2/56      AC:  5    Str:  7    XL:     10   Next: 27%
Magic:  25/30      EV: 12    Int: 30    God:
Gold:   356        SH:  0    Dex: 14    Spells: 29/37 levels left

rFire   . . .      SeeInvis .    p - +3 woodcutter's axe {vorpal}
rCold   + + .      Faith    .    (shield currently unavailable)
rNeg    . . .      Spirit   .    j - +0 leather armour
rPois   .          Reflect  .    J - +0 helmet
rElec   +          Harm     .    (no cloak)
rCorr   .          Rampage  .    l - +0 pair of gloves
Will    +....                    (no boots)
Stlth   ++........               (no amulet)
HPRegen 0.29/turn                r - +6 ring of intelligence
MPRegen 0.22/turn                A - ring of Rijer {Wiz rElec rC++}

@: no status effects
A: no striking features
a: no special abilities


You were on level 8 of the Dungeon.
You visited 2 branches of the dungeon, and saw 9 of its levels.

You collected 468 gold pieces.
You spent 112 gold pieces at shops.

Inventory:

Hand Weapons
 p - the +3 woodcutter's axe (weapon) {vorpal}
   (You found it on level 3 of the Dungeon)

   It inflicts extra damage upon your enemies.
Missiles
 G - 5 curare-tipped darts
Armour
 j - a +0 leather armour (worn)
 l - a +0 pair of gloves (worn)
 J - a +0 helmet (worn)
Magical Staves
 x - a staff of poison
Jewellery
 c - a ring of flight
 r - a +6 ring of intelligence (left hand)
 A - the ring of Rijer (right hand) {Wiz rElec rC++}
   (You found it on level 5 of the Dungeon)

   [ring of wizardry]

   It improves your spell success rate.
   rC:        It greatly protects you from cold.
   rElec:     It insulates you from electricity.
 D - a ring of protection from cold
 F - a ring of willpower
Wands
 k - a wand of acid (1)
 y - a wand of flame (3)
 I - a wand of paralysis (8)
Scrolls
 a - 9 scrolls of identify {unknown}
 b - 3 scrolls of enchant weapon {unknown}
 f - 2 scrolls of fear {unknown}
 i - 5 scrolls of enchant armour {unknown}
 o - 4 scrolls of teleportation {unknown}
 q - a scroll of blinking {unknown}
 s - 2 scrolls of magic mapping {unknown}
 t - a scroll of immolation {unknown}
 v - a scroll of butterflies {unknown}
 w - 4 scrolls of poison {unknown}
 z - a scroll of noise {unknown}
 H - a scroll of torment {unknown}
 K - a scroll of vulnerability {unknown}
Potions
 d - a potion of magic
 e - 2 potions of lignification {unknown}
 g - a potion of haste {unknown}
 h - a potion of heal wounds
 m - a potion of flight {unknown}
 n - 5 potions of curing
 u - a potion of ambrosia {unknown}
 B - a potion of degeneration {unknown}
 C - a potion of attraction {unknown}
 E - a potion of invisibility {unknown}
 L - a potion of berserk rage {unknown}


   Skills:
 + Level 3.9 Fighting
 - Level 3.0 Armour
 - Level 3.0 Dodging
 - Level 3.1 Stealth
 - Level 3.0 Shields
 * Level 14.1 Spellcasting
 + Level 8.1 Conjurations
 - Level 1.1 Summonings
 - Level 1.1 Translocations
 - Level 1.1 Air Magic
 - Level 1.0 Poison Magic
 - Level 1.0 Evocations


You had 29 spell levels left.
You knew the following spells:

 Your Spells              Type           Power      Damage    Failure   Level
a - Magic Dart            Conj           100%       1d8       1%          1
b - Mephitic Cloud        Conj/Pois/Air  41%        N/A       1%          3
c - Call Imp              Summ           27%        N/A       1%          2
d - Blink                 Tloc           54%        N/A       1%          2

Your spell library contained the following spells:

 Spells                   Type           Power      Damage    Failure   Level
 Slow                     Hex            84%        N/A       1%          1
 Cigotuvi's Dreadful Rot  Necr/Pois/Air  50%        N/A       1%          2
 Vhi's Electric Charge    Tloc/Air       54%        N/A       2%          3
 Arcjolt                  Conj/Air       24%        1d34      6%          5
 Maxwell's Capacitive Co  Air            13%        ∞         100%        8


Dungeon Overview and Level Annotations

Branches:
Dungeon (8/15)             Temple (1/1) D:7
   Lair: D:8-11

Altars:
Ashenzari
Cheibriados
Dithmenos
Elyvilon
Hepliaklqana
Makhleb
Nemelex Xobeh
Okawaru
Qazlal
Ru
Sif Muna
Uskayaw
Xom
Yredelemnul
Zin
The Shining One

Shops:
D:2 *?!


Message History

Press: ? - help, Shift-Dir - straight line, f/p - vampire mosquito
Aim: a vampire mosquito (moderately damaged, 53% to hit)
The bolt of acid hits the vampire mosquito!
The vampire mosquito is heavily damaged.
The bolt of acid hits the kobold brigand!
The acid corrodes the kobold brigand!
The kobold brigand is heavily wounded.
You feel stable enough to blink again. The vampire mosquito barely misses you.
The vampire mosquito bites you but does no damage.
Unknown command.
A cyclops comes into view.
The vampire mosquito closely misses you.
Aiming: Corrosive Bolt
Press: ? - help, Shift-Dir - straight line, f - kobold brigand, p - vampire mosquito
Aim: a kobold brigand, wielding a +0 short sword and quivering poisoned darts (heavily wounded, covered in acid, 64% to hit)
The bolt of acid misses the vampire mosquito.
The bolt of acid misses the kobold brigand.
The vampire mosquito completely misses you.
The cyclops throws a large rock.
The large rock closely misses you. The vampire mosquito bites you.
The vampire mosquito draws strength from your injuries!
Unknown command.
Aiming: Corrosive Bolt
Press: ? - help, Shift-Dir - straight line, f/p - kobold brigand
Aim: a kobold brigand, wielding a +0 short sword and quivering poisoned darts (heavily wounded, covered in acid, 64% to hit)
The bolt of acid hits the vampire mosquito!
The acid corrodes the vampire mosquito!
The vampire mosquito is severely damaged.
The bolt of acid hits the kobold brigand!
The kobold brigand is almost dead.
The vampire mosquito bites you.
* * * LOW HITPOINT WARNING * * *
The vampire mosquito draws strength from your injuries!
The vampire mosquito bites you!
* * * LOW HITPOINT WARNING * * *
The vampire mosquito draws strength from your injuries!
The vampire mosquito attacks as you move away!
The vampire mosquito bites you!
You die...

..... ..... ####
..y...
####..#####......
####..#.....#.......
#.#.................
##......##...........
#.......#..###.......
#.......##@.....C....
##.###...yK..........
# #......###......
###.[### ......
###.#### ......
#......###...
###..<.......
#..........
###.##.....


You could see a cyclops, a vampire mosquito (corroded) and a kobold brigand
(corroded).

Vanquished Creatures
  A two-headed ogre (D:7)
  Pikel (D:5)
  Joseph (D:7)
  A hornet (D:8)
  Prince Ribbit (D:7)
  A wyvern (D:8)
  Menkaure (D:6)
  An orc warrior (D:6)
  6 black bears
  2 ogres (D:5)
  2 centaurs (D:5)
  A phantom (D:6)
  A kobold brigand (D:6)
  3 bullfrogs
  5 necrophages
  2 scorpions (D:4)
  2 killer bees (D:8)
  2 howler monkeys
  3 hounds
  2 jellies
  5 orc priests
  A gnoll bouda (D:6)
  3 iguanas
  4 orc wizards
  13 gnolls
  7 adders
  A shadow imp (D:6)
  A white imp (D:7)
  An ufetubus (D:4)
  2 worms (D:2)
  4 dart slugs
  18 orcs
  5 ball pythons
  10 endoplasms
  7 giant cockroaches
  4 hobgoblins
  4 jackals (D:2)
  4 quokkas
  7 bats
  A frilled lizard (D:2)
  3 goblins
  18 kobolds
  3 rats
165 creatures vanquished.

Vanquished Creatures (collateral kills)
  A sky beast (D:7)
1 creature vanquished.

Vanquished Creatures (others)
  A killer bee (D:8)
  A fungus (D:7)
  5 plants (D:7)
7 creatures vanquished.

Grand Total: 173 creatures vanquished

Notes
Turn   | Place    | Note
-------+----------+-------------------------------------------
     0 | D:1      | pokeman the Deep Elf Hedge Wizard began the quest for the
                  | Orb.
     0 | D:1      | Reached XP level 1. HP: 10/10 MP: 7/7
   332 | D:1      | Reached XP level 2. HP: 16/16 MP: 6/9
   538 | D:1      | Found a faded altar of an unknown god.
  1319 | D:2      | Reached skill level 5 in Spellcasting
  1434 | D:2      | Reached XP level 3. HP: 17/20 MP: 7/11
  1438 | D:2      | Learned a level 3 spell: Mephitic Cloud
  1441 | D:2      | Learned a level 2 spell: Call Imp
  1444 | D:2      | Learned a level 2 spell: Blink
  1491 | D:2      | Reached skill level 1 in Armour
  1739 | D:2      | Found Kuadopeuji's Assorted Antiques.
  1745 | D:2      | Reached skill level 1 in Fighting
  2063 | D:2      | Found Desah's Distillery.
  2071 | D:2      | Bought a potion of curing for 42 gold pieces
  2071 | D:2      | Bought a potion of heal wounds for 70 gold pieces
  2135 | D:2      | Found Piwesobob's Magic Scroll Shoppe.
  2393 | D:3      | Found the +3 woodcutter's axe {vorpal}
  2489 | D:3      | Reached XP level 4. HP: 25/25 MP: 8/13
  3582 | D:4      | Reached skill level 6 in Spellcasting
  3583 | D:4      | Reached XP level 5. HP: 29/29 MP: 12/15
  3590 | D:4      | Reached skill level 1 in Shields
  3596 | D:4      | Noticed a black bear
  3713 | D:4      | Reached skill level 1 in Air Magic
  3802 | D:4      | Reached XP level 6. HP: 34/34 MP: 12/17
  3867 | D:4      | Identified the +0 chain mail of the Robin {+Inv Slay+2}
  3906 | D:4      | Reached skill level 7 in Spellcasting
  3946 | D:4      | Reached skill level 1 in Poison Magic
  4478 | D:4      | Found a shimmering altar of Xom.
  4507 | D:5      | Entered Level 5 of the Dungeon
  4530 | D:5      | Reached XP level 7. HP: 40/40 MP: 10/20
  4728 | D:5      | Reached skill level 8 in Spellcasting
  4786 | D:5      | Found a burning altar of Makhleb.
  4789 | D:5      | Found a hide-covered altar of Uskayaw.
  4915 | D:5      | Noticed Pikel
  4931 | D:5      | Killed Pikel
  4932 | D:5      | Reached skill level 9 in Spellcasting
  4932 | D:5      | Reached skill level 5 in Conjurations
  4932 | D:5      | Reached XP level 8. HP: 44/44 MP: 17/23
  5020 | D:5      | Reached skill level 10 in Spellcasting
  5468 | D:5      | Reached skill level 11 in Spellcasting
  5525 | D:5      | Identified the ring of Rijer {Wiz rElec rC++}
  5575 | D:6      | Reached skill level 1 in Evocations
  5979 | D:6      | Reached XP level 9. HP: 48/48 MP: 22/26
  5991 | D:6      | Noticed Menkaure
  6005 | D:6      | Killed Menkaure
  6592 | D:6      | Reached skill level 12 in Spellcasting
  6986 | D:7      | Noticed Prince Ribbit
  6986 | D:7      | Noticed a two-headed ogre
  7001 | D:7      | Killed Prince Ribbit
  7039 | D:7      | Killed a two-headed ogre
  7040 | D:7      | Reached skill level 13 in Spellcasting
  7161 | D:7      | Noticed Joseph
  7189 | D:7      | Killed Joseph
  7190 | D:7      | Reached XP level 10. HP: 46/56 MP: 16/29
  7640 | D:7      | Found a staircase to the Ecumenical Temple.
  7645 | Temple   | Entered the Ecumenical Temple
  8254 | D:8      | Reached skill level 14 in Spellcasting
  8498 | D:8      | Noticed a cyclops
  8501 | D:8      | Slain by a vampire mosquito

Illustrated notes

Levels and vault maps discovered:
D:1:      matt_arrival_refuge, layout_basic,
          hellmonk_ecumenical_altar_pennies_from_heaven
D:2:      layout_basic, serial_shops, shop, nicolae_shop_trees,
          nicolae_shop_hallway_plus, amcnicky_mini_rare_corridor_liquid
D:3:      layout_loops_corners
D:4:      layout_rooms, lemuel_tele_altar, serial_rivers,
          chequers_serial_rivers_micro_b, chequers_serial_rivers_micro_a,
          chequers_serial_rivers_room_a, chequers_serial_rivers_micro_e,
          chequers_serial_rivers_micro_a, chequers_serial_rivers_micro_d
D:5:      layout_cave_pools, nicolae_overflow_squiral,
          kennysheep_generic_room_5, uniq_pikel
D:6:      layout_loops_ring, bh_walls_and_bars, uniq_menkaure
D:7:      cheibrodos_fzero, layout_gridville,
          minmay_temple_entry_gardened_gates, dreamdust_mushroom_princess,
          uniq_prince_ribbit1, uniq_joseph
D:8:      layout_cave_pools, minmay_manual_monstrance
Temple:   compressed_dpeg_triangle_lava_temple

Skill      XL: |  1  2  3  4  5  6  7  8  9 10 |
---------------+-------------------------------+-----
Spellcasting   | 5 6 7 9 11 13 14 | 14.1
Armour         | 1 2 3 |  3.0
Fighting       | 1 2 3 |  3.9
Conjurations   | 2 3 5 6 7 8 |  8.1
Dodging        | 3 |  3.0
Shields        | 1 2 3 |  3.0
Stealth        | 3 |  3.1
Air Magic      | 1 |  1.1
Poison Magic   | 1 |  1.0
Evocations     | 1 |  1.0
Summonings     | |  1.1
Translocations | |  1.1

Action                   |  1- 3 |  4- 6 |  7- 9 | 10-12 || total
-------------------------+-------+-------+-------+-------++-------
Melee: Dagger            |    19 |       |       |       ||    19
       Battleaxe         |       |    47 |   125 |    29 ||   201
Throw: Dart              |       |       |     5 |       ||     5
 Cast: Magic Dart        |   123 |    92 |   107 |    52 ||   374
       Mephitic Cloud    |       |     6 |    31 |     7 ||    44
       Call Imp          |       |       |     2 |     1 ||     3
       Blink             |       |       |       |     3 ||     3
Evoke: Wand              |       |       |       |     5 ||     5
  Use: Potion            |       |       |       |     2 ||     2
 Stab: Sleeping          |       |     2 |     1 |       ||     3
       Confused          |       |     7 |    18 |     2 ||    27
Armor: Robe              |     6 |       |       |       ||     6
       Leather armour    |     3 |    14 |    22 |     6 ||    45
Dodge: Dodged            |    23 |    28 |    74 |    44 ||   169

Table legend: (Time is in decaauts)
 A = Elapsed time spent in this place.
 B = Non-inter-level travel time spent in this place.
 C = Inter-level travel time spent in this place.
 D = Time resting spent in this place.
 E = Time spent auto-exploring this place.
 F = Levels seen in this place.
 G = Mean time per level.
                   A        B        C        D        E       F      G
               +--------+--------+--------+--------+--------+-----+--------+
         Total |   8500 |   8227 |    273 |    352 |   6622 |   9 |  944.4 |
       Dungeon |   8294 |   8024 |    270 |    352 |   6429 |   8 | 1036.8 |
        Temple |    205 |    202 |      3 |      0 |    193 |   1 |  205.0 |
               +--------+--------+--------+--------+--------+-----+--------+

Top non-repeatable levels by time:
     D:7: 1362 daAuts
     D:3: 1295 daAuts
     D:2: 1281 daAuts
     D:6: 1258 daAuts
     D:1: 1092 daAuts
     D:4: 1002 daAuts
     D:5: 889 daAuts
  Temple: 205 daAuts
     D:8: 112 daAuts
